 Dungeon Crawl Stone Soup version 0.29-a0-100-g60f898f876 (webtiles) character file.

Game seed: 14882160102702575815

90 skittles the Ruffian (level 4, -3/40 HPs)
             Began as a Ghoul Monk on Feb 15, 2022.
             Slain by an orc (11 damage)
             ... on level 3 of the Dungeon.
             The game lasted 00:02:57 (2092 turns).

skittles the Ruffian (Ghoul Monk)                   Turns: 2092, Time: 00:02:58

Health: -3/40      AC:  2    Str: 16    XL:     4   Next: 56%
Magic:  3/3        EV: 12    Int:  5    God:
Gold:   87         SH:  0    Dex: 11    Spells: 3/3 levels left

rFire   . . .      SeeInvis .     - Unarmed
rCold   + . .      Faith    .   (no shield)
rNeg    + + +      Spirit   .   a - +0 robe
rPois   ∞          Reflect  .   (no helmet)
rElec   .          Harm     .   (no cloak)
rCorr   .          Rampage  .   (no gloves)
Will    .....                   (no boots)
Stlth   ++........              (no amulet)
HPRegen 0.00/turn               (no ring)
MPRegen 0.08/turn               (no ring)

@: inhibited regen
A: claws 1, cold resistance 1, negative energy resistance 3, inhibited
regeneration, torment resistance 2
a: no special abilities


You were on level 3 of the Dungeon.
You visited 1 branch of the dungeon, and saw 3 of its levels.

You collected 87 gold pieces.

Inventory:

Missiles
 g - 9 poisoned darts (quivered)
Armour
 a - a +0 robe (worn)
Scrolls
 b - a scroll of teleportation
 i - a scroll of identify
Potions
 d - 2 potions of curing
 e - a potion of lignification


   Skills:
 * Level 3.7 Fighting
 - Level 2.8 Dodging
 + Level 3.3 Stealth
 * Level 4.7 Unarmed Combat


You had 3 spell levels left.
You didn't know any spells.
Your spell library was empty.

Dungeon Overview and Level Annotations

Branches:
Dungeon (3/15)

Altars:
Uskayaw


Innate Abilities, Weirdness & Mutations

You thrive by killing the living.
You are immune to poison.
You have sharp fingernails.
Your flesh is cold resistant. (rC+)
You are immune to negative energy. (rN+++)
You do not regenerate when monsters are visible.
You are immune to unholy pain and torment.


Message History

The adder bites you.
The orc wizard hits you with a +0 dagger.
The orc closely misses you.
You claw the orc wizard!
You kill the orc wizard!
You feel better. The adder bites you.
You claw the adder!
The adder is heavily wounded.
The adder barely misses you. The orc barely misses you.
The adder barely misses you.
You miss the adder.
The adder is heavily wounded.
The orc barely misses you. The adder bites you.
You scratch the adder.
The adder is almost dead.
The orc misses you. The adder bites you but does no damage.
You scratch the adder.
The adder is almost dead.
The adder bites you but does no damage. The orc hits you with a +0 war axe.
You barely miss the adder.
The adder is almost dead.
The adder barely misses you. The orc hits you with a +0 war axe!
You are too injured to fight recklessly!
You are too injured to fight recklessly!
You are too injured to fight recklessly!
You are too injured to fight recklessly!
You are too injured to fight recklessly!
You are too injured to fight recklessly!
You are too injured to fight recklessly!
You are too injured to fight recklessly!
The orc closely misses you. The adder bites you.
You scratch the orc but do no damage. The orc hits you with a +0 war axe.
The adder bites you.
* * * LOW HITPOINT WARNING * * *
You scratch the orc.
The orc is severely wounded.
The adder bites you.
* * * LOW HITPOINT WARNING * * *
The orc hits you with a +0 war axe!
You die...

#.......###.
#...........
##...........
#####.....>......
###>...............
...................
...................
...........S)......
...........@o......
....##.<...........
. #.............
#.............
#.............
#.............
#.............
########...... ..


You could see an adder and an orc.

Vanquished Creatures
  An orc wizard (D:3)
  A dart slug (D:1)
  An orc (D:3)
  6 ball pythons
  3 endoplasms (D:1)
  A giant cockroach (D:1)
  6 goblins
  5 hobgoblins (D:1)
  8 jackals (D:2)
  7 kobolds
  4 quokkas (D:2)
  3 bats (D:1)
  2 frilled lizards
  5 rats
53 creatures vanquished.

Notes
Turn   | Place    | Note
-------+----------+-------------------------------------------
     0 | D:1      | skittles the Ghoul Monk began the quest for the Orb.
     0 | D:1      | Reached XP level 1. HP: 19/19 MP: 0/0
   106 | D:1      | Reached XP level 2. HP: 26/26 MP: 1/1
   330 | D:1      | Reached XP level 3. HP: 31/31 MP: 2/2
   554 | D:1      | Reached skill level 4 in Unarmed Combat
   663 | D:1      | Found a faded altar of an unknown god.
   772 | D:2      | Found a hide-covered altar of Uskayaw.
  1629 | D:2      | Reached XP level 4. HP: 40/40 MP: 3/3
  2092 | D:3      | Slain by an orc

Illustrated notes

Levels and vault maps discovered:
D:1:      roderic_crossed_star, layout_loops_cross,
          dreamdust_ecumenical_altar_angels_and_demons
D:2:      layout_basic, basic_altar
D:3:      layout_rooms

Skill      XL: |  1  2  3 |
---------------+----------+-----
Unarmed Combat | 4 |  4.7
Stealth        | 3 |  3.3
Fighting       | |  3.7
Dodging        | |  2.8

Action                   |  1- 3 |  4- 6 || total
-------------------------+-------+-------++-------
Melee: Unarmed           |   116 |    22 ||   138
       Punch             |     5 |       ||     5
  Use: Scroll            |       |     4 ||     4
       Potion            |       |     2 ||     2
 Stab: Sleeping          |     6 |     1 ||     7
Armor: Robe              |    29 |     5 ||    34
Dodge: Dodged            |    79 |    16 ||    95

Table legend: (Time is in decaauts)
 A = Elapsed time spent in this place.
 B = Non-inter-level travel time spent in this place.
 C = Inter-level travel time spent in this place.
 D = Time resting spent in this place.
 E = Time spent auto-exploring this place.
 F = Levels seen in this place.
 G = Mean time per level.
                   A        B        C        D        E       F      G
               +--------+--------+--------+--------+--------+-----+--------+
         Total |   2082 |   2027 |     55 |    473 |   1218 |   3 |  694.0 |
       Dungeon |   2082 |   2027 |     55 |    473 |   1218 |   3 |  694.0 |
               +--------+--------+--------+--------+--------+-----+--------+

Top non-repeatable levels by time:
     D:2: 1295 daAuts
     D:1: 768 daAuts
     D:3: 18 daAuts
